 Dungeon Crawl Stone Soup version 0.23-a0-494-g91793a9 (webtiles) character file.

111612 Mgcat the Thaumaturge (level 16, -8/98 HPs)
             Began as a Deep Elf Earth Elementalist on Dec 2, 2018.
             Was the Champion of Ashenzari.
             Mangled by a ghoul (27 damage)
             ... on level 13 of the Dungeon on Dec 3, 2018.
             The game lasted 01:37:07 (28992 turns).

Mgcat the Thaumaturge (DEEE)                       Turns: 28992, Time: 01:37:09

Health: -8/98      AC: 10    Str:  5    XL:     16   Next: 9%
Magic:  1/51       EV: 21    Int: 28    God:    Ashenzari [******]
Gold:   2129       SH:  8    Dex: 15    Spells: 8/44 levels left

rFire    . . .     SeeInvis +   u - staff of power (curse) {MP+17, !a}
rCold    . . .     Gourm    +   E - +2 buckler (curse)
rNeg     + . .     Faith    .   K - +2 robe {rN+} (curse)
rPois    .         Spirit   .   v - +2 hat {MR+} (curse)
rElec    +         Reflect  .   B - +0 cloak
rCorr    .         Harm     .   e - +1 pair of gloves
MR       +++..     Clarity  +   M - +0 pair of boots
Stlth    +++.......             f - amulet of Trog's Approval {Gourm rElec SInv Stlth+} (curse)
HPRegen  0.26/turn              H - ring of wizardry (curse) {Wiz+, !d}
MPRegen  0.32/turn              n - ring of protection from magic (curse) {MR+, !d}

@: deflect missiles
A: no striking features
a: Curse Item, Scrying, Transfer Knowledge, Renounce Religion


You were on level 13 of the Dungeon.
You worshipped Ashenzari.
Ashenzari was exalted by your worship.
You were full.

You visited 3 branches of the dungeon, and saw 21 of its levels.
You also visited: Labyrinth.

You collected 2129 gold pieces.

Inventory:

Hand Weapons
 S - the +8 dagger of Bihes {flame, rF++}
   (You found it in a labyrinth)

   It has been specially enchanted to burn those struck by it, causing extra
   injury to most foes and up to half again as much damage against particularly
   susceptible opponents.
   It greatly protects you from fire.
Missiles
 b - 507 stones (quivered)
Armour
 e - a +1 pair of gloves (worn)
   (You found it on level 7 of the Dungeon)
 v - a cursed +2 hat of magic resistance (worn)
   (You found it on level 5 of the Dungeon)
 B - a +0 cloak (worn)
   (You found it on level 9 of the Dungeon)
 E - a cursed +2 buckler (worn)
   (You took it off a spriggan on level 5 of the Lair of Beasts)
 K - a cursed +2 robe of positive energy (worn)
   (You took it off Josephine on level 6 of the Lair of Beasts)
 M - a +0 pair of boots (worn)
   (You found it on level 4 of the Lair of Beasts)
Magical Staves
 u - a cursed staff of power (weapon) {MP+17, !a}
   (You found it on level 5 of the Dungeon)
Jewellery
 f - the cursed amulet of Trog's Approval (around neck) {Gourm rElec SInv Stlth+}
   (You took it off a centaur on level 9 of the Dungeon)

   [amulet of the gourmand]

   It allows you to eat raw meat even when not hungry.
   It insulates you from electricity.
   It lets you see invisible.
   It makes you more stealthy.
   It has a curse placed upon it.
 n - a cursed ring of protection from magic (right hand) {MR+, !d}
   (You found it on level 5 of the Dungeon)
 H - a cursed ring of wizardry (left hand) {Wiz+, !d}
   (You found it on level 4 of the Lair of Beasts)
Wands
 c - a wand of polymorph (10)
   (You found it on level 13 of the Dungeon)
 x - a wand of disintegration (22)
   (You found it on level 9 of the Dungeon)
 y - a wand of iceblast (20)
   (You took it off a crimson imp on level 8 of the Dungeon)
 A - a wand of enslavement (8)
   (You took it off Maurice on level 1 of the Orcish Mines)
 I - a wand of paralysis (9)
   (You found it on level 2 of the Lair of Beasts)
 P - a wand of acid (6)
   (You found it on level 6 of the Lair of Beasts)
 R - a wand of digging (14)
   (You found it in a labyrinth)
Scrolls
 a - 11 scrolls of teleportation
 h - 9 scrolls of identify
 i - 4 scrolls of fog
 j - a scroll of remove curse
 q - 5 scrolls of magic mapping {!r}
 s - 2 scrolls of fear
 w - 4 scrolls of torment {!r}
 G - a scroll of amnesia {unknown}
 N - 2 scrolls of blinking {!r}
 Q - a scroll of random uselessness {unknown}
 T - a scroll of silence {unknown}
Potions
 g - 13 potions of curing
 k - 3 potions of degeneration {!q}
 l - 2 potions of might
 m - 5 potions of heal wounds
 o - 2 potions of lignification {!q}
 r - 3 potions of brilliance
 t - 2 potions of cancellation
 z - a potion of magic
 C - 2 potions of berserk rage {!q}
 D - 2 potions of haste
 F - 3 potions of agility
 L - a potion of resistance
Miscellaneous
 p - a phantom mirror
Comestibles
 d - 33 rations


   Skills:
 + Level 10.5 Fighting
 + Level 13.0 Dodging
 - Level 2.4 Stealth
 - Level 3.4(6.1) Shields
 + Level 14.9(18.9) Spellcasting
 + Level 12.3(16.4) Conjurations
 + Level 7.1(11.6) Charms
 + Level 6.9(11.4) Necromancy
 - Level 4.2(8.5) Transmutations
 + Level 2.8(6.6) Ice Magic
 + Level 2.5(6.1) Air Magic
 + Level 13.0(17.1) Earth Magic
 - Level 3.0(6.8) Evocations


You had 8 spell levels left.
You knew the following spells:

 Your Spells              Type           Power        Failure   Level  Hunger
a - Sandblast             Erth           ######       0%          1    None
b - Stone Arrow           Conj/Erth      ######       0%          3    None
c - Petrify               Tmut/Erth      #######.     1%          4    None
d - Lee's Rapid Deconstr  Erth           #######...   1%          5    None
e - Borgnjor's Vile Clut  Necr/Erth      #######...   1%          5    None
f - Deflect Missiles      Chrm/Air       ######....   2%          6    ##.....
g - Conjure Ball Lightni  Conj/Air       ######....   1%          6    ##.....
h - Freezing Cloud        Conj/Ice/Air   ######....   1%          6    ##.....

Your spell library contained the following spells:

 Spells                   Type           Power        Failure   Level  Hunger
 Passwall                 Tmut/Erth      #######.     0%          2    None
 Sting                    Conj/Pois      ####         1%          1    None
 Poisonous Vapours        Pois/Air       #####.       1%          2    None
 Conjure Flame            Conj/Fire      ######..     1%          3    None
 Mephitic Cloud           Conj/Pois/Air  ######..     1%          3    None
 Summon Lightning Spire   Summ/Air       #####...     1%          4    None
 Bolt of Draining         Conj/Necr      #######...   1%          5    None
 Venom Bolt               Conj/Pois      ######....   1%          5    None
 Olgreb's Toxic Radiance  Pois           ####....     4%          4    None
 Silence                  Hex/Air        #####.....   4%          5    None
 Dragon Form              Tmut           ######....   16%         7    ####...
 Ring of Flames           Chrm/Fire      ######....   38%         7    ####...
 Tornado                  Air            ######....   100%        9    #######


Dungeon Overview and Level Annotations

Branches:
Dungeon (13/15)            Temple (0/1) D:5            Lair (6/6) D:11
 Shoals (0/4) Lair:3        Snake (0/4) Lair:4        Slime (0/5) Lair:6
    Orc (2/2) D:9             Elf (0/3) Orc:2
 Vaults: D:13-14

Altars:
Ashenzari
Cheibriados
Dithmenos
Makhleb
Okawaru
Qazlal
Sif Muna
Xom
Beogh

Shops:
Orc:2 ([:*

Annotations:
Lair:5 1 runed door, Mygna's ghost, journeyman MiFi
Lair:6 Nessos
Orc:1 3 runed doors, Erlindor's ghost, journeyman DrFE
Orc:2 1 runed door, eyesofgods1's ghost, journeyman FeEn


Message History

The blast of lightning engulfs your ball lightning.
Your ball lightning completely resists.
The blast of lightning engulfs you! You resist.
The blast of lightning engulfs the wyvern.
The wyvern is almost dead.
Your ball lightning explodes!
The blast of lightning engulfs you! You resist.
* * * LOW HITPOINT WARNING * * *
The blast of lightning engulfs the wyvern.
You kill the wyvern!
You hear a howl!
Your ball lightning explodes!
The blast of lightning engulfs the yak.
The yak is heavily wounded.
The blast of lightning engulfs you! You resist.
* * * LOW HITPOINT WARNING * * *
You hear a howl!
Casting: Conjure Ball Lightning (safe; 1% risk of failure)
Confirm with . or Enter, or press ? or * to list all spells.
Aiming: Stone Arrow (safe; 0% risk of failure)
Press: ? - help, Shift-Dir - straight line, f - yak
Aim: a yak (heavily wounded)
The stone arrow hits the yak.
You kill the yak!
A ghoul comes into view.
Casting: Stone Arrow (safe; 0% risk of failure)
Confirm with . or Enter, or press ? or * to list all spells.
Aiming: Borgnjor's Vile Clutch (safe; 1% risk of failure)
Press: ? - help, Dir - move target cursor Decaying hands burst forth from the earth!
Zombie hands grab the ghoul.
The zombie hands constrict the ghoul!
The ghoul struggles to escape constriction.
Casting: Borgnjor's Vile Clutch (safe; 1% risk of failure)
Confirm with . or Enter, or press ? or * to list all spells.
Aiming: Stone Arrow (safe; 0% risk of failure)
Press: ? - help, Shift-Dir - straight line The stone arrow hits the ghoul.
The ghoul is lightly damaged.
The zombie hands constrict the ghoul!
The ghoul struggles to escape constriction.
Casting: Stone Arrow (safe; 0% risk of failure)
Confirm with . or Enter, or press ? or * to list all spells.
Aiming: Stone Arrow (safe; 0% risk of failure)
Press: ? - help, Shift-Dir - straight line The stone arrow hits the ghoul.
The ghoul is heavily damaged.
The zombie hands constrict the ghoul!
The ghoul struggles to escape constriction.
Casting: Stone Arrow (safe; 0% risk of failure)
Confirm with . or Enter, or press ? or * to list all spells.
Aiming: Sandblast (safe; 0% risk of failure)
Press: ? - help, Shift-Dir - straight line, f - ghoul
Aim: a ghoul (heavily damaged, constricted by zombie hands)
The blast of sand hits the ghoul.
The ghoul is severely damaged.
b - 511 stones The zombie hands constrict the ghoul!
The ghoul struggles to escape constriction.
Casting: Sandblast (safe; 0% risk of failure)
Confirm with . or Enter, or press ? or * to list all spells.
Aiming: Sandblast (safe; 0% risk of failure)
Press: ? - help, Shift-Dir - straight line, f/p - ghoul
Aim: a ghoul (severely damaged, constricted by zombie hands)
The blast of sand hits the ghoul.
The ghoul is severely damaged.
b - 510 stones The zombie hands constrict the ghoul.
The ghoul struggles to escape constriction.
Casting: Sandblast (safe; 0% risk of failure)
Confirm with . or Enter, or press ? or * to list all spells.
Aiming: Sandblast (safe; 0% risk of failure)
Press: ? - help, Shift-Dir - straight line, f/p - ghoul
Aim: a ghoul (severely damaged, constricted by zombie hands)
The blast of sand hits the ghoul.
The ghoul is almost destroyed.
b - 509 stones The zombie hands constrict the ghoul.
The ghoul struggles to escape constriction.
Casting: Sandblast (safe; 0% risk of failure)
Confirm with . or Enter, or press ? or * to list all spells.
Aiming: Sandblast (safe; 0% risk of failure)
Press: ? - help, Shift-Dir - straight line, f/p - ghoul
Aim: a ghoul (almost destroyed, constricted by zombie hands)
The blast of sand hits the ghoul.
The ghoul is almost destroyed.
b - 508 stones The zombie hands constrict the ghoul.
The ghoul escapes!
Casting: Sandblast (safe; 0% risk of failure)
Confirm with . or Enter, or press ? or * to list all spells.
Aiming: Sandblast (safe; 0% risk of failure)
Press: ? - help, Shift-Dir - straight line, f/p - ghoul
Aim: a ghoul (almost destroyed)
The blast of sand hits the ghoul.
The ghoul is almost destroyed.
b - 507 stones You feel much better.
The ghoul claws you!!
* * * LOW HITPOINT WARNING * * *
The ghoul claws you!!
You die...

*, ,
#...................≈...
*,, ,
#....†.......†..{...P.P.
*, ,
,#............J†.......#.
* ,
*#...###'###########'####
* ,,
,....,#<..................
, , .,
,#............†...... *,
,, #................... ,
,, , ,#..n.......†........
,, , #..@................
*, ,,,
,,,#................... ,
, ,,,,
#................... , , ,
, #................... ,,
,, ,,,#...................
*** *
***####################


You could see a ghoul.

Vanquished Creatures
  Rupert (Lair:3)
  Gastronok (Lair:1)
  2 orc warlords (Orc:2)
  A ghoul (D:13)
  Nessos (Lair:6)
  A minotaur (Lab)
  Josephine (Lair:6)
  7 hydras
  2 two-headed ogres
  8 death yaks (Lair:4)
  5 orc high priests
  2 skeletal warriors (D:13)
  2 unseen horrors (D:9)
  3 orc knights (Orc:2)
  2 ugly things
  5 orc sorcerers
  A deep elf mage (D:12)
  2 manticores
  5 centaur zombies
  Maurice (Orc:1)
  3 black mambas
  A guardian serpent (Lair:4)
  A spiny frog (shapeshifter) (D:12)
  10 spiny frogs
  A gargoyle (D:11)
  A rime drake (Lair:3)
  6 komodo dragons
  6 trolls
  7 polar bears
  7 hornets
  10 blink frogs
  2 slime creatures (D:13)
  18 dream sheep
  10 hippogriffs
  15 spriggans
  5 basilisks
  6 wraiths
  3 wyverns
  39 yaks
  A shadow (D:9)
  2 hungry ghosts
  A steam dragon (D:7)
  4 vampire mosquitoes (D:10)
  6 wargs
  A soldier ant (D:12)
  Duvessa (D:6)
  26 orc warriors
  14 water moccasins
  4 sky beasts
  12 porcupines
  7 black bears
  5 ice beasts
  6 phantoms
  A necrophage (D:9)
  3 boggarts (Lair:6)
  13 ogres
  28 wolves
  9 centaurs
  16 crocodiles
  7 big kobolds
  8 bullfrogs
  2 gnoll sergeants
  A wyvern zombie (D:10)
  2 wyvern skeletons
  Dowan (D:6)
  4 scorpions
  13 wights
  5 howler monkeys
  5 electric eels (Lair:2)
  6 crimson imps
  A bullfrog zombie (D:12)
  3 jellies
  9 orc priests
  12 hounds
  3 centaur skeletons
  4 bullfrog skeletons
  An iguana (D:11)
  25 orc wizards
  14 worker ants
  A killer bee zombie (D:9)
  A hound skeleton (D:9)
  2 mummies (D:13)
  3 worker ant zombies
  8 gnolls
  A howler monkey skeleton (D:4)
  14 adders
  2 shadow imps
  4 oozes
  2 worms
  4 dart slugs
  7 leopard geckos
  75 orcs
  7 giant cockroaches
  10 goblins
  10 hobgoblins
  2 jackals (D:8)
  19 kobolds
  6 quokkas
  6 bats
  3 frilled lizards
  A leopard gecko skeleton (D:8)
  2 quokka skeletons
  A quokka zombie (D:9)
  24 rats
  5 fungi
  10 plants
720 creatures vanquished.

Vanquished Creatures (collateral kills)
  A polar bear (Lair:6)
  A water moccasin (Lair:6)
2 creatures vanquished.

Vanquished Creatures (others)
  58 ball lightnings
  3 bushes
  25 fungi
  16 plants
  2 withered plants (D:13)
104 creatures vanquished.

Grand Total: 826 creatures vanquished

Notes
Turn   | Place    | Note
-------+----------+-------------------------------------------
     0 | D:1      | Mgcat the Deep Elf Earth Elementalist began the quest for
                  | the Orb.
     0 | D:1      | Reached XP level 1. HP: 10/10 MP: 6/6
    51 | D:1      | Reached XP level 2. HP: 15/15 MP: 1/8
   712 | D:1      | Reached skill level 4 in Spellcasting
   712 | D:1      | Reached skill level 4 in Earth Magic
   858 | D:1      | Reached XP level 3. HP: 17/19 MP: 6/10
  1190 | D:2      | Learned a level 3 spell: Stone Arrow
  1313 | D:2      | Found a shattered altar of Ashenzari.
  1376 | D:2      | Became a worshipper of Ashenzari the Shackled
  1514 | D:2      | Reached XP level 4. HP: 24/24 MP: 6/12
  1745 | D:2      | Reached skill level 1 in Conjurations
  1896 | D:2      | Learned a level 4 spell: Petrify
  2507 | D:3      | Reached skill level 5 in Spellcasting
  2507 | D:3      | Reached skill level 2 in Conjurations
  2507 | D:3      | Reached XP level 5. HP: 24/28 MP: 5/14
  2516 | D:3      | HP: 7/28 [orc/+0 trident (7)]
  2790 | D:3      | Reached skill level 5 in Earth Magic
  2841 | D:3      | Learned a level 5 spell: Lee's Rapid Deconstruction
  3202 | D:3      | Found an iron altar of Okawaru.
  3965 | D:4      | Reached XP level 6. HP: 18/32 MP: 1/16
  3981 | D:4      | HP: 8/32 [poisoned by a worker ant]
  3987 | D:4      | HP: 7/32 [poisoned by a worker ant]
  3995 | D:4      | HP: 5/32 [poisoned by a worker ant]
  4250 | D:4      | Reached skill level 3 in Conjurations
  4448 | D:4      | Reached skill level 6 in Spellcasting
  4554 | D:4      | Reached * piety under Ashenzari
  4829 | D:4      | Found a deep blue altar of Sif Muna.
  4986 | D:4      | Reached XP level 7. HP: 36/36 MP: 10/18
  5087 | D:4      | Reached skill level 6 in Earth Magic
  5233 | D:4      | Reached skill level 4 in Conjurations
  5443 | D:5      | Entered Level 5 of the Dungeon
  5478 | D:5      | Reached skill level 3 in Dodging
  5587 | D:5      | Reached skill level 1 in Fighting
  5642 | D:5      | Reached skill level 7 in Spellcasting
  5642 | D:5      | Reached skill level 2 in Transmutations
  5650 | D:5      | Got the uncursed ring mail "Kuseote" {MR+ SInv Stlth+}
  5937 | D:5      | Reached XP level 8. HP: 43/43 MP: 9/20
  6136 | D:5      | Found a staircase to the Ecumenical Temple.
  6137 | D:5      | Found a snail-covered altar of Cheibriados.
  6534 | D:6      | Reached skill level 4 in Dodging
  6536 | D:6      | Reached skill level 3 in Transmutations
  6540 | D:6      | Reached skill level 2 in Fighting
  6709 | D:6      | Noticed Duvessa
  6826 | D:6      | Reached skill level 5 in Conjurations
  6981 | D:6      | Reached skill level 7 in Earth Magic
  7143 | D:6      | Reached skill level 8 in Spellcasting
  7147 | D:6      | Reached skill level 4 in Transmutations
  7177 | D:6      | Noticed a hippogriff
  7335 | D:6      | Killed a hippogriff
  7335 | D:6      | Reached skill level 5 in Dodging
  7335 | D:6      | Reached XP level 9. HP: 49/49 MP: 23/23
  7574 | D:6      | Found a stormy altar of Qazlal.
  7594 | D:6      | Noticed Dowan
  7610 | D:6      | Killed Duvessa
  7610 | D:6      | Reached skill level 3 in Fighting
  7622 | D:6      | Killed Dowan
  7956 | D:7      | Reached skill level 6 in Conjurations
  8155 | D:7      | Found a shadowy altar of Dithmenos.
  8268 | D:7      | Reached ** piety under Ashenzari
  8276 | D:7      | Reached skill level 6 in Dodging
  8276 | D:7      | Reached skill level 9 in Spellcasting
  8638 | D:7      | Reached skill level 8 in Earth Magic
  8872 | D:8      | Reached skill level 4 in Fighting
  9322 | D:8      | Reached XP level 10. HP: 56/56 MP: 22/25
  9373 | D:8      | Reached skill level 7 in Conjurations
  9585 | D:8      | Found a burning altar of Makhleb.
  9707 | D:8      | Reached skill level 7 in Dodging
  9930 | D:8      | Identified the +4 ring mail "Kuseote" {MR+ SInv Stlth+}
                  | (You found it on level 5 of the Dungeon)
 10136 | D:9      | Noticed a two-headed ogre
 10142 | D:9      | Killed a two-headed ogre
 10142 | D:9      | Reached skill level 1 in Shields
 10142 | D:9      | Reached skill level 10 in Spellcasting
 10371 | D:9      | Reached *** piety under Ashenzari
 10620 | D:9      | Noticed a manticore
 10621 | D:9      | Identified the +5 arbalest of the Median {flame, rN+ MR+}
 10628 | D:9      | Killed a manticore
 10631 | D:9      | Reached skill level 2 in Shields
 10631 | D:9      | Reached skill level 9 in Earth Magic
 10791 | D:9      | Noticed an unseen horror
 10795 | D:9      | Killed an unseen horror
 10795 | D:9      | Reached skill level 5 in Fighting
 10809 | D:9      | Reached skill level 8 in Dodging
 10816 | D:9      | Reached skill level 8 in Conjurations
 11197 | D:9      | Found a staircase to the Orcish Mines.
 11202 | D:9      | Reached XP level 11. HP: 64/64 MP: 17/27
 11619 | D:9      | Identified the amulet of Trog's Approval {Gourm rElec SInv
                  | Stlth+}
 11640 | D:9      | Identified the Incunabulum of Doomed Shape Shifting
 11699 | D:9      | Learned a level 5 spell: Borgnjor's Vile Clutch
 11896 | D:10     | Entered Level 10 of the Dungeon
 11896 | D:10     | Noticed an unseen horror
 11905 | D:9      | Reached skill level 3 in Shields
 11906 | D:9      | Killed an unseen horror
 11993 | D:10     | Reached skill level 1 in Necromancy
 12237 | D:10     | Reached skill level 11 in Spellcasting
 12307 | D:10     | Reached skill level 2 in Necromancy
 13282 | D:11     | Reached skill level 1 in Evocations
 13397 | D:11     | Reached skill level 9 in Dodging
 13399 | D:11     | Reached skill level 3 in Necromancy
 13624 | D:11     | Found a staircase to the Lair.
 13634 | D:11     | Reached skill level 6 in Fighting
 13635 | D:11     | Reached skill level 2 in Evocations
 13639 | D:11     | Reached skill level 10 in Earth Magic
 13640 | D:11     | Reached skill level 9 in Conjurations
 14013 | D:11     | Reached **** piety under Ashenzari
 14293 | D:11     | Upgraded the game from 0.23-a0-489-g205b0b6 to
                  | 0.23-a0-494-g91793a9
 14312 | Lair:1   | Entered Level 1 of the Lair of Beasts
 14548 | Lair:1   | Reached XP level 12. HP: 70/70 MP: 25/29
 14653 | Lair:1   | Noticed Gastronok
 14685 | Lair:1   | Noticed an eight-headed hydra
 14787 | Lair:2   | Reached skill level 3 in Evocations
 15332 | Lair:2   | Reached skill level 12 in Spellcasting
 15377 | Lair:2   | Reached ***** piety under Ashenzari
 15447 | Lair:2   | Noticed an eight-headed hydra
 15453 | Lair:2   | Killed an eight-headed hydra
 15453 | Lair:2   | Reached skill level 10 in Dodging
 16069 | Lair:2   | Noticed a six-headed hydra
 16075 | Lair:2   | Killed a six-headed hydra
 16075 | Lair:2   | Reached skill level 4 in Necromancy
 16276 | Lair:3   | Noticed an eight-headed hydra
 16282 | Lair:3   | Killed an eight-headed hydra
 16401 | Lair:3   | Identified the +2 leather armour of the Serpent {Dex+5}
 16451 | Lair:3   | Reached skill level 10 in Conjurations
 16455 | Lair:3   | Noticed Rupert
 16464 | Lair:3   | Killed Rupert
 16464 | Lair:3   | Reached skill level 7 in Fighting
 16464 | Lair:3   | Reached skill level 5 in Necromancy
 16464 | Lair:3   | Reached skill level 11 in Earth Magic
 16663 | Lair:3   | Noticed an eight-headed hydra
 16669 | Lair:3   | Killed an eight-headed hydra
 16703 | Lair:3   | Reached XP level 13. HP: 76/76 MP: 17/31
 17023 | Lair:3   | Found a staircase to the Shoals.
 17450 | Lair:3   | HP: 13/76 [five-headed hydra (13)]
 17850 | Lair:1   | Reached skill level 11 in Dodging
 17958 | Lair:1   | Learned a level 6 spell: Deflect Missiles
 18120 | Lair:1   | Reached skill level 13 in Spellcasting
 18255 | Lair:1   | Reached skill level 1 in Charms
 18427 | Lair:1   | Killed Gastronok
 18427 | Lair:1   | Reached skill level 2 in Charms
 18847 | Lair:4   | Reached skill level 3 in Charms
 19106 | Lair:4   | Reached ****** piety under Ashenzari
 19308 | Lair:4   | Identified a scroll of acquirement
 19475 | Lair:4   | Reached skill level 8 in Fighting
 19475 | Lair:4   | Reached skill level 11 in Conjurations
 19475 | Lair:4   | Reached skill level 4 in Charms
 19620 | Lair:4   | Found a staircase to the Snake Pit.
 20048 | Lair:5   | Reached skill level 12 in Earth Magic
 20052 | Lair:5   | Reached skill level 5 in Charms
 20067 | Lair:5   | Found a labyrinth entrance.
 20080 | Lab      | Entered a labyrinth
 20268 | Lab      | Noticed a minotaur
 20271 | Lab      | Killed a minotaur
 20276 | Lab      | Identified the +8 dagger of Bihes {flame, rF++}
 20754 | Lair:5   | Found a runed door.
 20755 | Lair:5   | Noticed Mygna's ghost (journeyman MiFi)
 21000 | Lair:5   | Learned a level 6 spell: Conjure Ball Lightning
 21014 | Lair:6   | Entered Level 6 of the Lair of Beasts
 21014 | Lair:6   | Noticed Josephine
 21075 | Lair:6   | Noticed Nessos
 21086 | Lair:6   | Killed Nessos
 21086 | Lair:6   | Reached XP level 14. HP: 47/84 MP: 33/33
 21275 | Lair:6   | Reached skill level 12 in Dodging
 21330 | Lair:6   | Killed Josephine
 21800 | Lair:6   | Reached skill level 14 in Spellcasting
 23219 | Lair:6   | Found a staircase to the Slime Pits.
 23751 | Lair:6   | Reached skill level 10 in Fighting
 23751 | Lair:6   | Reached XP level 15. HP: 92/92 MP: 35/35
 24167 | Orc:1    | Entered Level 1 of the Orcish Mines
 24336 | Orc:1    | Noticed Maurice
 24341 | Orc:1    | Killed Maurice
 24343 | Orc:1    | Found a runed gate.
 24343 | Orc:1    | Found a runed gate.
 24409 | Orc:1    | Found a runed gate.
 24442 | Orc:1    | Noticed Erlindor's ghost (journeyman DrFE)
 24443 | Orc:1    | Found a roughly hewn altar of Beogh.
 24444 | Orc:1    | Identified the +0 plate armour of the Hidden Vale {MR+}
 24598 | Orc:1    | Identified the +0 great sword of Catsih {flame, Dex+4}
 24598 | Orc:1    | Identified the cursed +1 scale mail of Geabaen {rElec rF+++
                  | Int+3 Dex-5}
 24599 | Orc:1    | Identified the +3 hat "Peshini" {rC+ rN+ Str+4}
 24630 | Orc:2    | Entered Level 2 of the Orcish Mines
 24654 | Orc:2    | Reached skill level 12 in Conjurations
 24820 | Orc:2    | Noticed an orc warlord
 24821 | Orc:2    | Reached skill level 1 in Air Magic
 25054 | Orc:1    | Learned a level 6 spell: Freezing Cloud
 25261 | Orc:2    | Killed an orc warlord
 25261 | Orc:2    | Reached skill level 6 in Charms
 25261 | Orc:2    | Reached skill level 6 in Necromancy
 25481 | Orc:2    | Reached skill level 1 in Ice Magic
 25781 | Orc:2    | Noticed an orc warlord
 25791 | Orc:2    | Killed an orc warlord
 26025 | Orc:2    | Reached skill level 2 in Ice Magic
 26314 | Orc:2    | Found Siffyun's Antique Armour Shop.
 26406 | Orc:2    | Found Malodeodgh's Book Shop.
 26446 | Orc:2    | Found a staircase to the Elven Halls.
 26490 | Orc:2    | Found a runed door.
 26490 | Orc:2    | Found a shimmering altar of Xom.
 26490 | Orc:2    | Identified the +8 rapier of Excruciating Pain {chaos, +Rage
                  | rN+++ Str+2 Stlth-}
 26490 | Orc:2    | Noticed eyesofgods1's ghost (journeyman FeEn)
 26516 | Orc:2    | Found Ucuhywe's Antique Weapon Emporium.
 26576 | Orc:2    | Found Wudyngom's General Store.
 27321 | D:12     | Identified the cursed +2 quarterstaff of Starshine {freeze,
                  | Str+2}
 27335 | D:12     | Reached skill level 2 in Air Magic
 27884 | D:12     | Reached skill level 13 in Earth Magic
 28191 | D:13     | Reached XP level 16. HP: 30/98 MP: 14/36
 28581 | D:13     | Reached skill level 13 in Dodging
 28589 | D:13     | Reached skill level 7 in Charms
 28974 | D:13     | HP: 20/98 [ball lightning[the player character] (7)]
 28992 | D:13     | HP: 19/98 [ghoul (19)]
 28992 | D:13     | Mangled by a ghoul

Vault maps used:
D:1:      saegor_arrival_simple_d, hex_tiny, st_stairs_7, minmay_curled_crystal
D:2:      cheibrodos_helix_gallery, ashenzari_conservatory_becter,
          minmay_rat_hole
D:3:      okawaru_altar_gauntlet_db
D:4:      lemuel_blue_sif_altar, first_ration, serial_curves, eino_curves_04,
          eino_curves_04, eino_curves_01, eino_curves_02
D:5:      slow_altar_1, minmay_temple_entry_statues_pillars
D:6:      nicolae_overflow_hidden_temple, uniq_duvessa
D:7:      lemuel_crystal_altar, serial_bayou_pond_a
D:8:      the_bakery, hangedman_decor_clover_reticule, makhleb_heckhound_becter
D:9:      minmay_the_grid_triangle_9x9_rhombus_thin_mashed,
          kennysheep_orc_monster_closet_entryway, grunt_decor_mini_mirrors,
          minmay_splitting_lines
D:11:     minmay_lair_entry_grove
D:12:     serial_column_ruins, column_ruins_courtyard_long_water,
          column_ruins_hut_ruined, column_ruins_grid_1,
          column_ruins_corridor_dead_end, column_ruins_columns_straight,
          column_ruins_corridor_straight
D:13:     serial_undead, serial_undead_a, serial_undead_b, serial_undead_f,
          serial_undead_a, minmay_misc_feat_tiny
Lair:1:   grunt_megastairs_5, uniq_gastronok
Lair:2:   serial_bayou, serial_bayou_shore_a, serial_bayou_lagoon_a,
          serial_bayou_ford_a, serial_bayou_pond_d, serial_bayou_pond_b
Lair:3:   minmay_shoals_entry_beasts, uniq_rupert
Lair:4:   minmay_snake_entry_spellcaster, minivault_24, grunt_megastairs_4,
          serial_bayou_shore_b, lemuel_fruit_tree
Lair:5:   ebering_ghost_inner_flame, lab_entry_generic
Lair:6:   minmay_lair_end_enchanted_forest, slime_dummy, uniq_josephine,
          uniq_nessos
Orc:1:    biasface_ghost_orc_armoury, nicolae_orc_crystal_geode, uniq_maurice
Orc:2:    grunt_orc_gardens, grunt_orc_garden, grunt_orc_garden,
          grunt_orc_garden, grunt_orc_garden, ebering_ghost_xom
Lab:      nicolae_lab_checkerboard, nicolae_lab_grate

Skill      XL: |  1  2  3  4  5  6  7  8  9 10 11 12 13 14 15 16 |
---------------+-------------------------------------------------+-----
Spellcasting   | 4 5 6 7 8 9 10 11 12 13 14 | 14.9
Earth Magic    | 4 5 6 7 8 9 10 11 12 13 | 13.0
Conjurations   | 2 3 4 5 6 8 9 10 11 12 | 12.3
Dodging        | 3 5 6 8 9 10 11 12 13 | 13.0
Fighting       | 1 2 4 5 6 7 8 10 | 10.5
Transmutations | 2 4 |  4.2
Shields        | 2 3 |  3.4
Necromancy     | 3 5 6 |  6.9
Evocations     | 2 3 |  3.0
Charms         | 5 6 7 |  7.1
Air Magic      | 2 |  2.5
Ice Magic      | 2 |  2.8
Stealth        | |  2.4

Action                   |  1- 3 |  4- 6 |  7- 9 | 10-12 | 13-15 | 16-18 || total
-------------------------+-------+-------+-------+-------+-------+-------++-------
Melee: Dagger            |    62 |    68 |       |       |       |       ||   130
 Cast: Sandblast         |    43 |    17 |    10 |    17 |    17 |     5 ||   109
       Stone Arrow       |       |    72 |   155 |   215 |   224 |    10 ||   676
       Lee's Rapid Decon |       |       |    24 |    45 |    67 |       ||   136
       Borgnjor's Vile C |       |       |       |    72 |   172 |     6 ||   250
       Petrify           |       |       |       |     1 |       |       ||     1
       Freezing Cloud    |       |       |       |       |    28 |     3 ||    31
       Conjure Ball Ligh |       |       |       |       |     7 |    21 ||    28
       Deflect Missiles  |       |       |       |       |     1 |       ||     1
Invok: Curse Item        |       |     1 |       |     5 |     4 |       ||    10
Evoke: Phantom mirror    |       |       |       |       |     2 |       ||     2
       Wand              |       |       |       |       |     1 |       ||     1
  Use: Scroll            |       |       |    12 |     5 |    14 |       ||    31
       Potion            |       |       |     1 |       |     4 |     1 ||     6
 Stab: Sleeping          |     1 |     3 |       |       |       |       ||     4
  Eat: Chunk             |     2 |    13 |    12 |    27 |    36 |       ||    90
       Ration            |       |       |     2 |     3 |       |       ||     5
Armor: Robe              |    15 |    11 |     3 |     3 |    11 |     2 ||    45
Dodge: Dodged            |    54 |    47 |    30 |    76 |    85 |     2 ||   294
       Deflected         |       |       |       |       |     2 |       ||     2
Block: Buckler           |       |       |       |    20 |    29 |     4 ||    53

Table legend:
 A = Non-vault XP
 B = Vault XP
 C = Vault XP percentage of total XP
 D = Non-vault monster count
 E = Vault monster count
 F = Vault count percentage of total count
                 A         B        C        D         E       F
            +---------+---------+-------+---------+---------+-------
      Total |   70499 |   44239 |  38.6 |     520 |     187 |  26.4
            +---------+---------+-------+---------+---------+-------
        D:1 |      56 |       3 |   5.1 |      20 |       2 |   9.1
        D:2 |      69 |      23 |  25.0 |      22 |      21 |  48.8
        D:3 |     179 |      37 |  17.1 |      35 |       6 |  14.6
        D:4 |     544 |       0 |   0.0 |      20 |       0 |   0.0
        D:5 |     655 |       5 |   0.8 |      18 |       1 |   5.3
        D:6 |    1538 |     216 |  12.3 |      38 |       2 |   5.0
        D:7 |    1276 |       0 |   0.0 |      14 |       0 |   0.0
        D:8 |    1632 |     263 |  13.9 |      32 |       2 |   5.9
        D:9 |    2394 |    4308 |  64.3 |      17 |      39 |  69.6
       D:10 |    2494 |       0 |   0.0 |      22 |       0 |   0.0
       D:11 |    3277 |    1903 |  36.7 |      30 |      12 |  28.6
       D:12 |    2750 |       0 |   0.0 |      17 |       0 |   0.0
       D:13 |    4012 |    3961 |  49.7 |      16 |       7 |  30.4
     Lair:1 |    5832 |    2453 |  29.6 |      22 |       3 |  12.0
     Lair:2 |    7028 |     137 |   1.9 |      29 |       1 |   3.3
     Lair:3 |    7374 |    3521 |  32.3 |      26 |       3 |  10.3
     Lair:4 |    9956 |    3070 |  23.6 |      32 |       4 |  11.1
     Lair:5 |    2787 |     845 |  23.3 |      12 |       4 |  25.0
     Lair:6 |    7923 |   12375 |  61.0 |      33 |      52 |  61.2
      Orc:1 |    2045 |    1280 |  38.5 |      26 |       2 |   7.1
      Orc:2 |    5463 |    9839 |  64.3 |      38 |      26 |  40.6
        Lab |    1215 |       0 |   0.0 |       1 |       0 |   0.0
            +---------+---------+-------+---------+---------+-------

Vault maps used:
D:1:      saegor_arrival_simple_d, hex_tiny, st_stairs_7, minmay_curled_crystal
D:2:      cheibrodos_helix_gallery, ashenzari_conservatory_becter,
          minmay_rat_hole
D:3:      okawaru_altar_gauntlet_db
D:4:      lemuel_blue_sif_altar, first_ration, serial_curves, eino_curves_04,
          eino_curves_04, eino_curves_01, eino_curves_02
D:5:      slow_altar_1, minmay_temple_entry_statues_pillars
D:6:      nicolae_overflow_hidden_temple, uniq_duvessa
D:7:      lemuel_crystal_altar, serial_bayou_pond_a
D:8:      the_bakery, hangedman_decor_clover_reticule, makhleb_heckhound_becter
D:9:      minmay_the_grid_triangle_9x9_rhombus_thin_mashed,
          kennysheep_orc_monster_closet_entryway, grunt_decor_mini_mirrors,
          minmay_splitting_lines
D:11:     minmay_lair_entry_grove
D:12:     serial_column_ruins, column_ruins_courtyard_long_water,
          column_ruins_hut_ruined, column_ruins_grid_1,
          column_ruins_corridor_dead_end, column_ruins_columns_straight,
          column_ruins_corridor_straight
D:13:     serial_undead, serial_undead_a, serial_undead_b, serial_undead_f,
          serial_undead_a, minmay_misc_feat_tiny
Lair:1:   grunt_megastairs_5, uniq_gastronok
Lair:2:   serial_bayou, serial_bayou_shore_a, serial_bayou_lagoon_a,
          serial_bayou_ford_a, serial_bayou_pond_d, serial_bayou_pond_b
Lair:3:   minmay_shoals_entry_beasts, uniq_rupert
Lair:4:   minmay_snake_entry_spellcaster, minivault_24, grunt_megastairs_4,
          serial_bayou_shore_b, lemuel_fruit_tree
Lair:5:   ebering_ghost_inner_flame, lab_entry_generic
Lair:6:   minmay_lair_end_enchanted_forest, slime_dummy, uniq_josephine,
          uniq_nessos
Orc:1:    biasface_ghost_orc_armoury, nicolae_orc_crystal_geode, uniq_maurice
Orc:2:    grunt_orc_gardens, grunt_orc_garden, grunt_orc_garden,
          grunt_orc_garden, grunt_orc_garden, ebering_ghost_xom
Lab:      nicolae_lab_checkerboard, nicolae_lab_grate

Table legend:
 A = Turns spent in this place as a percentage of turns spent in the entire game.
 B = Non-inter-level travel turns spent in this place as a percentage of non-inter-level travel turns spent in the entire game.
 C = Inter-level travel turns spent in this place as a percentage of turns spent in this place.
 D = Turns resting spent in this place as a percentage of non-inter-level travel turns spent in this place.
 E = Turns spent auto-exploring this place as a percentage of non-inter-level travel turns spent in this place.
 F = Non-inter-level travel turns spent in this place divided by the number of levels of this place that you've seen.
                   A       B       C       D       E      F
               +-------+-------+-------+-------+-------+----------------------
         Total | 100.0 | 100.0 |   5.4 |  18.8 |  67.2 | 1246.5
       Dungeon |  56.2 |  57.2 |   3.8 |  16.3 |  70.4 | 1205.6
          Lair |  33.1 |  32.9 |   5.9 |  17.3 |  68.5 | 1504.0
  Orcish Mines |  10.1 |   9.2 |  13.3 |  40.3 |  47.7 | 1264.0
     Labyrinth |   0.7 |   0.7 |   0.0 |   0.0 |   0.0 | 198.0
               +-------+-------+-------+-------+-------+----------------------

Table legend:
 A = Kills in this place as a percentage of kills in entire the game.
 B = Kills by you in this place as a percentage of kills by you in the entire game.
 C = Kills by friends in this place as a percentage of kills by friends in the entire game.
 D = Other kills in this place as a percentage of other kills in the entire game.
 E = Experience gained in this place as a percentage of experience gained in the entire game.
 F = Experience gained in this place divided by the number of levels of this place that you have seen.
                   A       B       C       D       E      F
               +-------+-------+-------+-------+-------+----------------------
         Total | 100.0 | 100.0 | 100.0 |   N/A | 100.0 | 5215.4
       Dungeon |  55.6 |  55.7 |   0.0 |   N/A |  27.5 | 2430.4
          Lair |  31.3 |  31.1 | 100.0 |   N/A |  55.2 | 10550.2
  Orcish Mines |  13.0 |  13.0 |   0.0 |   N/A |  16.2 | 9313.5
     Labyrinth |   0.1 |   0.1 |   0.0 |   N/A |   1.1 | 1215.0
               +-------+-------+-------+-------+-------+----------------------
